 Dungeon Crawl Stone Soup version 0.17-a0-1545-gc1bb672 (webtiles) character file.

488 George the Shield-Bearer (level 6, 0/56 HPs)
             Began as a Minotaur Fighter on July 18, 2015.
             Was a Follower of Okawaru.
             Slain by an orc
             ... wielding a +0 trident
              (1 damage)
             ... on level 5 of the Dungeon.
             The game lasted 00:06:49 (3198 turns).

George the Shield-Bearer (Minotaur Fighter)         Turns: 3198, Time: 00:06:49

Health: 0/56       AC:  9    Str: 20    XL:     6   Next: 90%
Magic:  6/6        EV:  6    Int:  5    God:    Okawaru [*.....]
Gold:   248        SH: 10    Dex: 12    Spells: 0 memorised, 5 levels left

rFire  . . .     SeeInvis .     a - +0 long sword
rCold  . . .     Clarity  .     m - +0 chain mail
rNeg   . . .     SustAt   .     c - +0 shield
rPois  .         Gourm    .     (helmet restricted)
rElec  .         Spirit   .     (no cloak)
rCorr  .         Warding  .     (no gloves)
rMut   .         Stasis   .     (no boots)
MR     .....                    (no amulet)
Stlth  ..........               (no ring)
                                (no ring)

@: not resistant to hostile enchantments, extremely unstealthy
A: retaliatory headbutt, horns 2
a: Heroism, Renounce Religion


You were on level 5 of the Dungeon.
You worshipped Okawaru.
Okawaru was aware of your devotion.
You were not hungry.

You visited 1 branch of the dungeon, and saw 5 of its levels.

You collected 248 gold pieces.

Inventory:

Hand weapons
 a - a +0 long sword (weapon)
Armour
 c - a +0 shield (worn)
 m - a +0 chain mail (worn)
Magical devices
 C - a wand of paralysis (1)
Scrolls
 g - 3 scrolls of remove curse {unknown}
 h - 5 scrolls of identify {unknown}
 i - 2 scrolls of recharging {unknown}
 j - a scroll of teleportation {unknown}
 l - 3 scrolls of enchant weapon {unknown}
 n - a scroll of random uselessness {unknown}
 r - 2 scrolls of magic mapping {unknown}
 u - 2 scrolls of enchant armour {unknown}
 x - a scroll of amnesia {unknown}
 B - a scroll of blinking {unknown}
 D - a scroll of immolation {unknown}
Potions
 b - a potion of invisibility {unknown}
 d - 2 potions of might
 f - 3 potions of curing {unknown}
 k - 4 potions of flight {unknown}
 o - a potion of poison {unknown}
 q - a potion of heal wounds {unknown}
 v - a potion of mutation {unknown}
 A - a potion of brilliance {unknown}
Comestibles
 e - 4 bread rations
 p - 2 fruits
 s - 2 meat rations
 w - a beef jerky
 z - a slice of pizza


   Skills:
 + Level 5.3 Fighting
 + Level 4.2 Long Blades
 + Level 5.2 Armour
 + Level 2.2 Dodging
 + Level 5.4 Shields
 + Level 2.0 Invocations


You had 5 spell levels left.
You didn't know any spells.

Dungeon Overview and Level Annotations

Branches:
Dungeon (5/15)
 Temple: D:4-7

Altars:
Nemelex Xobeh
Okawaru
Sif Muna
The Shining One


Innate Abilities, Weirdness & Mutations

You reflexively headbutt those who attack you in melee.
You have a pair of horns on your head.


Message History

Evoking this partially-identified wand wasted a few charges.
The orc hits you from afar with a trident.
* * * LOW HITPOINT WARNING * * *
The helpless ogre fails to defend itself.
You hit the ogre.
The ogre is moderately wounded.
The orc hits you from afar with a trident.
* * * LOW HITPOINT WARNING * * *
The helpless ogre fails to defend itself.
You hit the ogre. You headbutt the ogre!
The ogre is severely wounded.
You block the orc's attack.
The helpless ogre fails to defend itself.
You slash the ogre!
You kill the ogre!
Okawaru accepts your kill.
You can now gain great but temporary skills.
Your Invocations skill increases to level 2!
The orc hits you from afar with a trident.
You die...

.. #.# .. #. #.## ## #..# #
#..#####.## ##
...o...#.o####### ##.
.......#ooo)@...###########.#
.........#####.............##
........## ###########...#
.......## ###.# ......# #.##
#....# #..# ###.# ##.# .# #.#
#. #.#


You could see 4 orcs.

Vanquished Creatures
  The ghost of Darq the Zephyrmancer, an experienced TeAE (D:5)
  An ogre (D:5)
  A hound (D:4)
  An orc wizard (D:3)
  5 adders
  A shadow imp (D:5)
  2 worms
  2 giant geckos
  5 orcs
  7 bats
  10 hobgoblins
  6 jackals (D:3)
  10 kobolds
  A quokka (D:3)
  3 ball pythons
  3 giant cockroaches (D:2)
  A giant gecko zombie (D:5)
  4 giant newts
  4 goblins
  5 rats
73 creatures vanquished.

Notes
Turn   | Place    | Note
--------------------------------------------------------------
     0 | D:1      | George the Minotaur Fighter began the quest for the Orb.
     0 | D:1      | Reached XP level 1. HP: 19/19 MP: 0/0
   176 | D:1      | Reached XP level 2. HP: 24/27 MP: 1/1
   277 | D:1      | Reached skill level 4 in Shields
   870 | D:2      | Reached XP level 3. HP: 20/33 MP: 2/2
  1085 | D:2      | Found an iron altar of Okawaru.
  1371 | D:3      | Found a deep blue altar of Sif Muna.
  1450 | D:3      | Found a glowing golden altar of the Shining One.
  1509 | D:3      | Reached XP level 4. HP: 37/41 MP: 3/3
  1725 | D:2      | Became a worshipper of Warmaster Okawaru
  1972 | D:3      | Found a sparkling altar of Nemelex Xobeh.
  2036 | D:3      | Found a sparkling altar of Nemelex Xobeh.
  2167 | D:4      | Reached XP level 5. HP: 40/47 MP: 4/4
  2954 | D:5      | Entered Level 5 of the Dungeon
  2964 | D:5      | Reached skill level 1 in Invocations
  3059 | D:5      | Reached skill level 1 in Dodging
  3104 | D:5      | Noticed Darq's ghost (experienced TeAE)
  3116 | D:5      | Killed Darq's ghost
  3116 | D:5      | Reached skill level 5 in Fighting
  3116 | D:5      | Reached skill level 5 in Armour
  3116 | D:5      | Reached skill level 5 in Shields
  3116 | D:5      | Reached XP level 6. HP: 54/56 MP: 4/6
  3178 | D:5      | Noticed an ogre
  3196 | D:5      | HP: 1/56 [orc/trident (3)]
  3198 | D:5      | Killed an ogre
  3198 | D:5      | Acquired Okawaru's first power
  3198 | D:5      | Slain by an orc

Vault maps used:
D:1:      matt_arrival_refuge
D:2:      nicolae_overflow_hidden_temple
D:3:      lemuel_doored_altar, nicolae_tso_carved_into_rock,
          nicolae_overflow_crystal_walls, nemelex_spade_bored_becter
D:4:      first_bread
D:5:      black_bear_nest_2, nicolae_ru_path_of_blood, slow_altar_1,
          serial_shops, shop

Action                   |  1- 3 |  4- 6 || total
-------------------------+-------+-------++-------
Melee: Long sword        |   124 |    76 ||   200
Evoke: Wand              |       |     4 ||     4
 Stab: Paralysed         |       |     7 ||     7
  Eat: Chunk             |     2 |     5 ||     7
